 Dungeon Crawl Stone Soup version 0.25.1-2-g60ff931df9 (webtiles) character file.

Game seed: 11066888484796853802

126 pokeman the Magician (level 4, 0/25 HPs)
             Began as a Deep Elf Wizard on Oct 4, 2020.
             Slain by an orc wizard
             ... wielding a +0 dagger
              (1 damage)
             ... on level 3 of the Dungeon.
             The game lasted 00:03:28 (2722 turns).

pokeman the Magician (Deep Elf Wizard)              Turns: 2722, Time: 00:03:28

Health: 0/25       AC:  3    Str:  4    XL:     4   Next: 84%
Magic:  8/13       EV: 11    Int: 24    God:
Gold:   180        SH:  0    Dex: 13    Spells: 3/14 levels left

rFire    . . .     SeeInvis .   (no weapon)
rCold    . . .     Gourm    .   (no shield)
rNeg     . . .     Faith    .   k - +0 leather armour
rPois    .         Spirit   .   b - +0 hat
rElec    .         Reflect  .   (no cloak)
rCorr    .         Harm     .   (no gloves)
MR       .....                  (no boots)
Stlth    ++........             (no amulet)
HPRegen  0.08/turn              (no ring)
MPRegen  0.13/turn              (no ring)

@: no status effects
A: no striking features
a: no special abilities


You were on level 3 of the Dungeon.
You were not hungry.

You visited 1 branch of the dungeon, and saw 3 of its levels.

You collected 180 gold pieces.

Inventory:

Missiles
 f - 19 bolts
Armour
 b - a +0 hat (worn)
 k - a +0 leather armour (worn)
Scrolls
 e - 3 scrolls of identify {unknown}
 g - a scroll of teleportation {unknown}
 h - a scroll of amnesia {unknown}
 i - 3 scrolls of remove curse {unknown}
 n - a scroll of immolation {unknown}
Potions
 a - a potion of mutation {unknown}
 c - 3 potions of curing {unknown}
 j - a potion of lignification {unknown}
 l - a potion of stabbing {unknown}
Comestibles
 d - 8 rations


   Skills:
 - Level 1.0 Fighting
 - Level 1.0 Armour
 - Level 2.4 Dodging
 - Level 2.4 Stealth
 * Level 5.8 Spellcasting
 * Level 2.8 Conjurations
 - Level 1.1 Summonings
 - Level 1.1 Translocations
 + Level 0.1 Fire Magic
 + Level 0.8 Air Magic
 - Level 1.0 Poison Magic


You had 3 spell levels left.
You knew the following spells:

 Your Spells              Type           Power        Failure   Level  Hunger
a - Magic Dart            Conj           ###.         4%          1    None
b - Mephitic Cloud        Conj/Pois/Air  ##......     22%         3    #......
c - Call Imp              Summ           ##......     14%         2    None
d - Blink                 Tloc           N/A          14%         2    None
e - Conjure Flame         Conj/Fire      ##......     24%         3    #......

Your spell library contained the following spells:

 Spells                   Type           Power        Failure   Level  Hunger
 Slow                     Hex            #.......     22%         2    None


Dungeon Overview and Level Annotations

Branches:
Dungeon (3/15)

Altars:
Gozag


Message History

Something hits you. Something hits you. Something hits you but does no damage.
You hear some strange, mumbled words.
A puff of flame appears from out of thin air!
The puff of flame misses you. Something hits you.
* * * LOW HITPOINT WARNING * * *
Something hits you.
* * * LOW HITPOINT WARNING * * *
Something hits you.
* * * LOW HITPOINT WARNING * * *
Something hits you.
* * * LOW HITPOINT WARNING * * *
You bump into the rock wall.
Something hits you.
* * * LOW HITPOINT WARNING * * *
You barely miss something.
You feel less confused. Something hits you.
You die...

.## ..# ... #.#
... #.# # .# #. #.
########>.# #...
##.#.###%........#
.##. ...†)..@.#
#.# ....
######'{.# #.#
.### .!...#..# #.#
.#
###+.#..#######.#
.#### #
#..........# .....
#.########.# #####
#.# #....# .....
#.# #.##.# #####
#. #.##.#


There were no monsters in sight!

Vanquished Creatures
  An orc wizard (D:3)
  5 adders
  A worm (D:2)
  A dart slug (D:2)
  4 orcs (D:3)
  7 bats
  A giant cockroach (D:1)
  8 goblins
  5 hobgoblins
  2 jackals (D:3)
  4 kobolds
  2 frilled lizards
  A jackal skeleton (D:2)
  9 rats
51 creatures vanquished.

Notes
Turn   | Place    | Note
-------+----------+-------------------------------------------
     0 | D:1      | pokeman the Deep Elf Wizard began the quest for the Orb.
     0 | D:1      | Reached XP level 1. HP: 10/10 MP: 7/7
   275 | D:1      | You fall into a shaft and drop 1 floor!
   323 | D:2      | Reached XP level 2. HP: 16/16 MP: 5/9
  1061 | D:2      | Reached skill level 5 in Spellcasting
  1061 | D:2      | Reached XP level 3. HP: 20/20 MP: 6/11
  1071 | D:2      | Learned a level 3 spell: Mephitic Cloud
  1074 | D:2      | Learned a level 2 spell: Call Imp
  1077 | D:2      | Learned a level 2 spell: Blink
  1081 | D:2      | Learned a level 3 spell: Conjure Flame
  1249 | D:2      | Reached skill level 1 in Fighting
  1464 | D:2      | Reached skill level 1 in Armour
  1811 | D:2      | Reached XP level 4. HP: 21/25 MP: 7/13
  2186 | D:3      | Found an opulent altar of Gozag.
  2674 | D:3      | Reached skill level 1 in Poison Magic
  2721 | D:3      | HP: 1/25 [something (1)]
  2722 | D:3      | Slain by an orc wizard

Illustrated notes

Levels and vault maps discovered:
D:1:      co_arrival_random_square_maze, layout_loops_cross
D:2:      layout_basic
D:3:      layout_loops_ring, grunt_gozag_statues, ebering_ghost_inner_flame,
          minivault_11, kennysheep_potato

Skill      XL: |  1  2  3  4 |
---------------+-------------+-----
Spellcasting   | 5 |  5.8
Fighting       | 1 |  1.0
Armour         | 1 |  1.0
Conjurations   | 2 |  2.8
Poison Magic   | 1 |  1.0
Dodging        | |  2.4
Stealth        | |  2.4
Summonings     | |  1.1
Translocations | |  1.1
Fire Magic     | |  0.1
Air Magic      | |  0.8

Action                   |  1- 3 |  4- 6 || total
-------------------------+-------+-------++-------
Melee: Unarmed           |     5 |     2 ||     7
 Cast: Magic Dart        |    73 |    52 ||   125
       Mephitic Cloud    |       |     1 ||     1
  Eat: Chunk             |     3 |     2 ||     5
Armor: Leather armour    |     6 |     2 ||     8
Dodge: Dodged            |     8 |    10 ||    18
